AoeStats
← SlowBoy

Arabia

506208954Analyzed
1v1 RM · 20d ago on Sep 12, 2026· 46m 44s· 2 players
Game mode
Random Map
Map size
Tiny (2 player)
Population
200
Speed
Normal
Resources
Standard
Victory
Conquest
Starting age
Dark Age
Ending age
Imperial Age
RankedLock teamsTeams togetherTeam positionsShared explorationLock speedFull tech treeHidden civsTurbo modeCheats
Victory
Defeat
🇧🇷 Khmer · Brazil
1723
+20
🇪🇸 Jurchens · Spain
1807
-20
SlowBoy
6:22 Loom
9:12 Feudal Age
9:48 Double-Bit Axe
9:44 Horse Collar
15:54 Scale Barding Armor
16:54 Wheelbarrow
20:49 Castle Age
19:10 Gold Mining
20:41 Forging
20:43 Bloodlines
21:44 Husbandry
22:08 Bow Saw
25:24 Town Watch
27:21 Chain Barding Armor
28:55 Stone Mining
30:20 Gold Shaft Mining
30:15 Hand Cart
35:05 Imperial Age
35:41 Iron Casting
35:54 Cavalier
37:21 Scale Mail Armor
37:58 Plate Barding Armor
37:26 Heavy Plow
38:45 Fletching
40:00 Blast Furnace
38:58 Fletching
40:55 Crop Rotation
40:23 Elite Skirmisher
41:16 Bodkin Arrow
41:24 Padded Archer Armor
41:48 Conscription
42:21 Bracer
42:44 Ballistics
43:25 Chemistry
43:32 Leather Archer Armor
43:32 Masonry
44:53 Ring Archer Armor
44:30 Siege Engineers
44:38 Town Patrol
47:04 Scale Mail Armor
47:16 Masonry
47:02 Murder Holes
TdB.ErAmo
6:19 Loom
8:57 Feudal Age
9:26 Double-Bit Axe
16:09 Bloodlines
18:04 Wheelbarrow
18:03 Forging
18:58 Scale Barding Armor
24:40 Castle Age
23:33 Horse Collar
23:44 Gold Mining
24:43 Light Cavalry
25:24 Husbandry
25:53 Bow Saw
25:29 Pikeman
28:19 Squires
29:15 Scale Mail Armor
32:00 Chain Mail Armor
34:06 Heavy Plow
36:25 Iron Casting
39:48 Ballistics
42:30 Imperial Age
41:20 Hand Cart
40:51 Town Watch
41:50 Chain Barding Armor
44:03 Gold Shaft Mining
44:25 Plate Barding Armor
44:41 Conscription
44:04 Halberdier
45:13 Fletching
46:12 Fortified Bastions
Connection lost

Rejoining the realm…

Still unreachable

The connection could not be restored.

Session expired

The server has moved on; the page needs a fresh start.